 Dungeon Crawl Stone Soup version 0.31-a0-162-gc4c5a43528 (webtiles) character file.

Game seed: 8066636973569279250

6108 qw the Skirmisher (level 10, -1/98 HPs)
             Began as a Naga Hunter on June 12, 2023.
             Was a Priest of Okawaru.
             Slain by a manticore (4 damage)
             ... on level 9 of the Dungeon.
             The game lasted 00:02:31 (7670 turns).

qw the Skirmisher (Naga Hunter)                     Turns: 7670, Time: 00:02:31

Health: -1/98      AC:  5    Str: 14    XL:     10   Next: 89%
Magic:  13/13      EV: 15    Int:  9    God:    Okawaru [***...]
Gold:   522        SH:  0    Dex: 25    Spells: 9/9 levels left

rFire   + . .        Y - +0 triple crossbow
rCold   . . .        (shield currently unavailable)
rNeg    + . .        n - +1 ring mail {rF+}
rPois   +            b - +2 helmet
rElec   .            (no cloak)
rCorr   .            f - +0 pair of gloves
SInv    +            (no barding)
Will    +....        m - amulet of regeneration
Stlth   +++          g - ring of positive energy
HPRegen 1.16/turn    o - +6 ring of dexterity
MPRegen 0.13/turn

%: no passive effects
@: heroic, corroded, slowed, very slow
A: AC +3, large, see invisible, deformed body, poison resistance, slowness 2,
spit poison 1, naga tail 1
a: Spit Poison, Renounce Religion, Heroism


You were on level 9 of the Dungeon.
You worshipped Okawaru.
Okawaru was most pleased with you.
You visited 2 branches of the dungeon, and saw 10 of its levels.

You collected 522 gold pieces.


Innate Abilities, Weirdness & Mutations

Your serpentine skin is tough. (AC +3)
You have supernaturally acute eyesight. (SInv)
Armour fits poorly on your strangely shaped body.
Your system is resistant to poisons. (rPois)
You cover ground very slowly.
You can spit poison.
You have a snake-like lower body.


   Skills:
 - Level 8.8(13.8) Fighting
 + Level 11.3(16.3) Ranged Weapons
 - Level 2.2(7.2) Armour
 - Level 4.3(9.3) Dodging
 - Level 1.5(6.5) Stealth
 - Level 4.1 Invocations


You had 9 spell levels left.
You didn't know any spells.
Your spell library was empty.

Inventory:

Hand Weapons
 Y - a +0 triple crossbow (weapon)
Armour
 a - a +2 animal skin
 b - a +2 helmet (worn)
 f - a +0 pair of gloves (worn)
 h - a +0 robe of cold resistance
 n - a +1 ring mail of fire resistance (worn)
Jewellery
 g - a ring of positive energy (left hand)
 m - an amulet of regeneration (around neck)
 o - a +6 ring of dexterity (right hand)
 p - a ring of resist corrosion
Scrolls
 c - a scroll of identify
Potions
 d - 2 potions of might
 e - a potion of resistance
 i - a potion of attraction {unknown}
 j - a potion of berserk rage {unknown}
 k - a potion of mutation {unknown}
 r - a potion of curing
 s - a potion of invisibility {unknown}

Dungeon Overview and Level Annotations

Branches:
Dungeon (9/15)             Temple (1/1) D:4
   Lair: D:8-11         Orc: D:9-12

Altars:
Ashenzari
Cheibriados
Dithmenos
Elyvilon
Fedhas
Gozag
Hepliaklqana
Kikubaaqudgha
Makhleb
Nemelex Xobeh
Okawaru
Qazlal
Ru
Sif Muna
Trog
Uskayaw
Vehumet
Wu Jian
Xom
Yredelemnul
Zin
The Shining One

Shops:
D:1 *   D:2 (   D:4 [   D:6 :

Annotations:
D:2 1 runed translucent door, Crazy Yiuf


Message History

The manticore bites you but does no damage.
The manticore claws you.
The manticore claws you but does no damage.
7666 ||| DRINKING potion of heal wounds.
You feel much better.
The brown ugly thing completely misses you.
The manticore bites you.
The manticore claws you but does no damage.
The manticore claws you.
You shoot a bolt. The bolt hits the brown ugly thing!!
The brown ugly thing is almost dead.
You carefully extract the barbed spikes from your body.
You have got your breath back.
The brown ugly thing claws you! The acid corrodes you!
You are splashed with acid!
The manticore barely misses you. The manticore claws you.
The manticore barely misses you.
7668 ||| INVOKING Spit Poison.
Aiming: Spit Poison (1% risk of failure)
Press: ? - help, Shift-Dir - straight line, f/p - brown ugly thing The splash of poison misses the brown ugly thing.
The splash of poison hits the manticore.
The manticore is poisoned.
The manticore is lightly wounded.
The brown ugly thing closely misses you.
The manticore misses you. x2; The manticore claws you.
You shoot a bolt. The bolt hits the brown ugly thing!!
You kill the brown ugly thing!
Okawaru is honoured by your kill.
Okawaru will now gift you throwing weapons as you gain piety.
The manticore barely misses you. The manticore closely misses you.
The manticore claws you. The manticore barely misses you.
The manticore claws you but does no damage. x2
The wraith hits you! The wraith drains your vigour!
You feel yourself slow down.
You shoot a bolt.
The bolt hits the manticore but does no damage.
You have got your breath back.
The wraith hits you. The wraith drains your vigour!
You feel as though you will be slow longer.
The manticore bites you. The manticore claws you.
You die...

#.......... ... ..
##.#####... ... .. ..
####.# #.# .##.. .....#
#.##..... .....# #.#....
###.## #....# #.# #...#
#.# ##...# ##.## ###..@.#
.#...#######....HW#
..........##.#..#H...u.).
##...###.#.#.##.#...#.|H.
##.###.###.....#...# .#
...# ##.#.#.##.#...#
##### ##.##.#..##...
####.#... .... ... ..
##...


You could see 2 manticores and a wraith.

Vanquished Creatures
  A centaur warrior (D:9)
  An ugly thing (D:9)
  Sigmund (D:5)
  13 yaks
  2 steam dragons
  Menkaure (D:5)
  Edmund (D:5)
  A water moccasin (D:7)
  An orc warrior (D:9)
  2 ogres
  3 centaurs
  A phantom (D:5)
  3 kobold brigands
  3 scorpions (D:5)
  10 wights (D:8)
  5 howler monkeys
  2 electric eels
  4 jellies
  2 orc priests
  5 hounds
  Ijyb (D:3)
  4 iguanas
  3 orc wizards
  A sleepcap (D:7)
  Robin (D:1)
  6 adders
  A white imp (D:7)
  An ufetubus (D:5)
  3 worms
  3 dart slugs (D:1)
  7 orcs
  5 bats
  3 endoplasms
  8 giant cockroaches
  17 goblins
  5 hobgoblins
  4 jackals (D:2)
  21 kobolds
  4 quokkas
  5 ball pythons
  A frilled lizard (D:1)
  6 rats
172 creatures vanquished.

Notes
Turn   | Place    | Note
-------+----------+-------------------------------------------
     0 | D:1      | qw the Naga Hunter began the quest for the Orb.
     0 | D:1      | Reached XP level 1. HP: 19/19 MP: 1/1
     0 | D:1      | 0 ||| qw: Version: 0.2-a-29-gc1b59c4
     0 | D:1      | 0 ||| qw: Game counter: 4358
     0 | D:1      | 0 ||| qw: Always use a shield: true
     0 | D:1      | 0 ||| qw: God list: Okawaru
     0 | D:1      | 0 ||| qw: Allow faded altars: false
     0 | D:1      | 0 ||| qw: Do Orc after D:15 true
     0 | D:1      | 0 ||| qw: Do second Lair branch before Depths: true
     0 | D:1      | 0 ||| qw: Lair rune preference: random
     0 | D:1      | 0 ||| qw: Plans: Normal
     0 | D:1      | 0 ||| PLANNING D:1-11
    17 | D:1      | 17 ||| INVOKING Spit Poison.
    58 | D:1      | 58 ||| INVOKING Spit Poison.
    76 | D:1      | 76 ||| INVOKING Spit Poison.
    83 | D:1      | 83 ||| INVOKING Spit Poison.
    84 | D:1      | Reached skill level 4 in Ranged Weapons
    84 | D:1      | Reached XP level 2. HP: 26/26 MP: 2/2
   123 | D:1      | 123 ||| INVOKING Spit Poison.
   130 | D:1      | Found Keubajas's Assorted Antiques.
   137 | D:1      | 137 ||| SHOPLISTING glowing green potion (23 gold, have
                  | 10).
   137 | D:1      | 137 ||| SHOPLISTING glowing orcbow (169 gold, have 10).
   137 | D:1      | 137 ||| SHOPLISTING scroll labelled ENKUCOMITHA (26 gold,
                  | have 10).
   137 | D:1      | 137 ||| SHOPLISTING scroll labelled RUHETE UCUI (26 gold,
                  | have 10).
   137 | D:1      | 137 ||| SHOPLISTING scroll labelled TEGUK LOANI (26 gold,
                  | have 10).
   138 | D:1      | 138 ||| INVOKING Spit Poison.
   231 | D:1      | 231 ||| INVOKING Spit Poison.
   234 | D:1      | 234 ||| INVOKING Spit Poison.
   243 | D:1      | 243 ||| INVOKING Spit Poison.
   245 | D:1      | 245 ||| Stepping ~*~*~tactically~*~*~ (outnumbered).
   282 | D:1      | 282 ||| INVOKING Spit Poison.
   287 | D:1      | 287 ||| INVOKING Spit Poison.
   314 | D:1      | 314 ||| INVOKING Spit Poison.
   345 | D:1      | 345 ||| INVOKING Spit Poison.
   347 | D:1      | Reached XP level 3. HP: 32/32 MP: 3/3
   351 | D:1      | 351 ||| INVOKING Spit Poison.
   370 | D:1      | 370 ||| INVOKING Spit Poison.
   376 | D:1      | 376 ||| INVOKING Spit Poison.
   506 | D:1      | 506 ||| INVOKING Spit Poison.
   521 | D:1      | 521 ||| UPGRADING to +0 pair of gloves.
   526 | D:1      | 526 ||| READING scroll labelled RUHETE UCUI.
   527 | D:1      | 527 ||| READING scroll labelled ZAT JUEWENLI.
   528 | D:1      | 528 ||| DRINKING 2 bubbling purple potions.
   529 | D:1      | 529 ||| DRINKING 2 fizzy blue potions.
   530 | D:1      | 530 ||| DROPPING scroll of butterflies.
   531 | D:1      | 531 ||| DROPPING potion of magic.
   585 | D:2      | 585 ||| INVOKING Spit Poison.
   590 | D:2      | 590 ||| INVOKING Spit Poison.
   594 | D:2      | 594 ||| INVOKING Spit Poison.
   597 | D:2      | 597 ||| INVOKING Spit Poison.
   600 | D:2      | Noticed Robin
   603 | D:2      | 603 ||| INVOKING Spit Poison.
   604 | D:2      | 604 ||| INVOKING Spit Poison.
   607 | D:2      | 607 ||| STAIRDANCE
   610 | D:1      | 610 ||| INVOKING Spit Poison.
   610 | D:1      | Killed Robin
   666 | D:1      | 666 ||| UPGRADING to +2 animal skin.
   676 | D:1      | 676 ||| UPGRADING to +2 helmet.
   681 | D:1      | 681 ||| DROPPING +0 leather armour.
   685 | D:2      | 685 ||| STAIRDANCE
   687 | D:1      | 687 ||| INVOKING Spit Poison.
   689 | D:1      | Reached skill level 5 in Ranged Weapons
   689 | D:1      | Reached XP level 4. HP: 36/39 MP: 4/4
   701 | D:2      | 701 ||| INVOKING Spit Poison.
   723 | D:2      | 723 ||| INVOKING Spit Poison.
   755 | D:2      | 755 ||| INVOKING Spit Poison.
   787 | D:2      | 787 ||| INVOKING Spit Poison.
   793 | D:2      | 793 ||| INVOKING Spit Poison.
   817 | D:2      | 817 ||| INVOKING Spit Poison.
   830 | D:2      | 830 ||| INVOKING Spit Poison.
   913 | D:2      | 913 ||| INVOKING Spit Poison.
   923 | D:2      | Found a faded altar of an unknown god.
   953 | D:2      | 953 ||| INVOKING Spit Poison.
   957 | D:2      | 957 ||| INVOKING Spit Poison.
   962 | D:2      | 962 ||| INVOKING Spit Poison.
  1010 | D:2      | 1010 ||| INVOKING Spit Poison.
  1038 | D:2      | 1038 ||| INVOKING Spit Poison.
  1095 | D:2      | 1095 ||| INVOKING Spit Poison.
  1107 | D:2      | Found Egeziekh's Antique Weapon Shoppe.
  1172 | D:2      | Found a runed translucent door.
  1173 | D:2      | Noticed Crazy Yiuf
  1176 | D:2      | 1176 ||| READING scroll labelled PUNETU KISIAGE.
  1177 | D:2      | 1177 ||| DRINKING 2 coppery potions.
  1231 | D:3      | 1231 ||| INVOKING Spit Poison.
  1256 | D:3      | 1256 ||| INVOKING Spit Poison.
  1260 | D:3      | Reached skill level 3 in Fighting
  1263 | D:3      | 1263 ||| INVOKING Spit Poison.
  1301 | D:3      | Noticed Ijyb
  1303 | D:3      | 1303 ||| INVOKING Spit Poison.
  1309 | D:3      | 1309 ||| INVOKING Spit Poison.
  1315 | D:3      | 1315 ||| INVOKING Spit Poison.
  1317 | D:3      | Killed Ijyb
  1318 | D:3      | Reached XP level 5. HP: 49/49 MP: 5/5
  1318 | D:3      | 1318 ||| INVOKING Spit Poison.
  1416 | D:3      | 1416 ||| INVOKING Spit Poison.
  1456 | D:3      | 1456 ||| INVOKING Spit Poison.
  1462 | D:3      | 1462 ||| INVOKING Spit Poison.
  1524 | D:3      | 1524 ||| INVOKING Spit Poison.
  1528 | D:3      | 1528 ||| INVOKING Spit Poison.
  1602 | D:3      | 1602 ||| SWAPPING to +0 triple crossbow.
  1603 | D:3      | 1603 ||| DROPPING +0 shortbow.
  1609 | D:3      | 1609 ||| INVOKING Spit Poison.
  1721 | D:3      | 1721 ||| INVOKING Spit Poison.
  1733 | D:3      | Found a shimmering blue altar of Sif Muna.
  1741 | D:3      | 1741 ||| INVOKING Spit Poison.
  1822 | D:3      | 1822 ||| INVOKING Spit Poison.
  1905 | D:3      | 1905 ||| DROPPING +6 ring of intelligence.
  1906 | D:3      | 1906 ||| UPGRADING to ring of positive energy.
  1942 | D:4      | Noticed an ogre
  1944 | D:4      | 1944 ||| INVOKING Spit Poison.
  1947 | D:4      | 1947 ||| INVOKING Spit Poison.
  1947 | D:4      | Killed an ogre
  1948 | D:4      | Reached skill level 6 in Ranged Weapons
  1948 | D:4      | Reached XP level 6. HP: 51/56 MP: 6/6
  1950 | D:4      | 1950 ||| INVOKING Spit Poison.
  1954 | D:4      | 1954 ||| INVOKING Spit Poison.
  1976 | D:4      | 1976 ||| INVOKING Spit Poison.
  2099 | D:4      | 2099 ||| INVOKING Spit Poison.
  2101 | D:4      | 2101 ||| INVOKING Spit Poison.
  2145 | D:4      | Found a staircase to the Ecumenical Temple.
  2146 | D:4      | 2146 ||| PLANNING TEMPLE
  2146 | D:4      | 2146 ||| READING scroll labelled ENKUCOMITHA.
  2151 | D:4      | 2151 ||| INVOKING Spit Poison.
  2155 | D:4      | 2155 ||| INVOKING Spit Poison.
  2157 | D:4      | 2157 ||| INVOKING Spit Poison.
  2198 | Temple   | Entered the Ecumenical Temple
  2421 | Temple   | 2421 ||| PLANNING D:1-11
  2472 | D:4      | 2472 ||| INVOKING Spit Poison.
  2482 | D:4      | Found Utoom's Armour Shop.
  2488 | D:4      | 2488 ||| SHOPLISTING +1 cloak "Reikogy" {Rampage Will+
                  | rCorr} (304 gold, have 191).
  2637 | D:4      | 2637 ||| INVOKING Spit Poison.
  2641 | D:4      | 2641 ||| INVOKING Spit Poison.
  2646 | D:4      | 2646 ||| INVOKING Spit Poison.
  2888 | D:4      | 2888 ||| INVOKING Spit Poison.
  2890 | D:4      | 2890 ||| INVOKING Spit Poison.
  2897 | D:5      | Entered Level 5 of the Dungeon
  2899 | D:5      | 2899 ||| INVOKING Spit Poison.
  2902 | D:5      | 2902 ||| INVOKING Spit Poison.
  2904 | D:5      | Reached XP level 7. HP: 57/64 MP: 7/7
  2949 | D:5      | 2949 ||| INVOKING Spit Poison.
  3002 | D:5      | 3002 ||| INVOKING Spit Poison.
  3004 | D:5      | 3004 ||| INVOKING Spit Poison.
  3006 | D:5      | Reached skill level 7 in Ranged Weapons
  3031 | D:5      | 3031 ||| INVOKING Spit Poison.
  3035 | D:5      | 3035 ||| INVOKING Spit Poison.
  3096 | D:5      | 3096 ||| INVOKING Spit Poison.
  3110 | D:5      | Noticed Menkaure
  3114 | D:5      | Killed Menkaure
  3208 | D:5      | Noticed Sigmund
  3209 | D:5      | 3209 ||| INVOKING Spit Poison.
  3211 | D:5      | 3211 ||| DRINKING potion of curing.
  3211 | D:5      | 3211 ||| (to cure confusion)
  3213 | D:5      | Killed Sigmund
  3214 | D:5      | Reached skill level 8 in Ranged Weapons
  3214 | D:5      | Reached XP level 8. HP: 67/72 MP: 8/8
  3374 | D:5      | 3374 ||| INVOKING Spit Poison.
  3509 | D:5      | 3509 ||| INVOKING Spit Poison.
  3513 | D:5      | 3513 ||| INVOKING Spit Poison.
  3592 | D:5      | 3592 ||| INVOKING Spit Poison.
  3626 | D:5      | Noticed Edmund
  3627 | D:5      | 3627 ||| INVOKING Spit Poison.
  3630 | D:5      | 3630 ||| INVOKING Spit Poison.
  3633 | D:5      | 3633 ||| INVOKING Spit Poison.
  3636 | D:5      | 3636 ||| INVOKING Spit Poison.
  3637 | D:5      | Killed Edmund
  3804 | D:5      | 3804 ||| INVOKING Spit Poison.
  4175 | D:5      | 4175 ||| UPGRADING to +0 robe of cold resistance.
  4185 | D:5      | 4185 ||| READING scroll labelled VEL NAPSONIEGI.
  4210 | D:6      | Found Neqorr's Book Shoppe.
  4232 | D:6      | 4232 ||| INVOKING Spit Poison.
  4235 | D:6      | 4235 ||| INVOKING Spit Poison.
  4237 | D:6      | Reached skill level 9 in Ranged Weapons
  4293 | D:6      | 4293 ||| INVOKING Spit Poison.
  4298 | D:6      | 4298 ||| INVOKING Spit Poison.
  4299 | D:6      | Reached skill level 1 in Armour
  4301 | D:6      | 4301 ||| INVOKING Spit Poison.
  4336 | D:6      | 4336 ||| INVOKING Spit Poison.
  4391 | D:6      | 4391 ||| INVOKING Spit Poison.
  4395 | D:6      | 4395 ||| INVOKING Spit Poison.
  4397 | D:6      | 4397 ||| Stepping ~*~*~tactically~*~*~ (outnumbered).
  4399 | D:6      | 4399 ||| Stepping ~*~*~tactically~*~*~ (outnumbered).
  4401 | D:6      | 4401 ||| INVOKING Spit Poison.
  4402 | D:6      | 4402 ||| Stepping ~*~*~tactically~*~*~ (outnumbered).
  4404 | D:6      | 4404 ||| INVOKING Spit Poison.
  4458 | D:6      | 4458 ||| FLEEEEING.
  4459 | D:6      | 4459 ||| FLEEEEING.
  4595 | D:6      | Reached skill level 3 in Dodging
  4648 | D:6      | 4648 ||| INVOKING Spit Poison.
  4650 | D:6      | Reached XP level 9. HP: 79/82 MP: 9/9
  4696 | D:6      | Found a burning altar of Makhleb.
  4699 | D:6      | Found an iron altar of Okawaru.
  4700 | D:6      | 4700 ||| PLANNING OKAWARU WORSHIP
  4700 | D:6      | 4700 ||| UPGRADING to +6 ring of dexterity.
  4701 | D:6      | 4701 ||| READING scroll labelled NOINGA SUCHYDY.
  4807 | D:6      | 4807 ||| DRINKING 2 viscous orange potions.
  4861 | D:6      | 4861 ||| DROPPING potion of lignification.
  4864 | D:6      | Became a worshipper of Warmaster Okawaru
  4864 | D:6      | 4864 ||| PLANNING D:1-11
  5067 | D:7      | 5067 ||| INVOKING Spit Poison.
  5069 | D:7      | Found the +5 Force Lance {heavy, knockback}
  5093 | D:7      | 5093 ||| INVOKING Spit Poison.
  5097 | D:7      | Reached skill level 6 in Fighting
  5121 | D:7      | Found an opulent altar of Gozag.
  5380 | D:7      | 5380 ||| INVOKING Spit Poison.
  5384 | D:7      | 5384 ||| INVOKING Spit Poison.
  5386 | D:7      | HP: 20/82 [something (3)]
  5645 | D:7      | 5645 ||| INVOKING Spit Poison.
  5647 | D:7      | Reached * piety under Okawaru
  5929 | D:7      | 5929 ||| INVOKING Spit Poison.
  6025 | D:7      | 6025 ||| UPGRADING to +1 ring mail of fire resistance.
  6035 | D:7      | 6035 ||| READING scroll labelled NYN UCATUMUAC.
  6036 | D:7      | 6036 ||| DRINKING 2 glowing green potions.
  6037 | D:7      | 6037 ||| READING 2 scrolls of identify.
  6037 | D:7      | 6037 ||| IDENTIFYING yellow potion
  6038 | D:7      | 6038 ||| DROPPING potion of brilliance.
  6039 | D:7      | 6039 ||| DROPPING potion of enlightenment.
  6090 | D:8      | 6090 ||| INVOKING Spit Poison.
  6095 | D:8      | Reached skill level 1 in Invocations
  6095 | D:8      | 6095 ||| INVOKING Spit Poison.
  6098 | D:8      | 6098 ||| INVOKING Spit Poison.
  6102 | D:8      | 6102 ||| INVOKING Heroism.
  6103 | D:8      | 6103 ||| INVOKING Spit Poison.
  6107 | D:8      | 6107 ||| INVOKING Spit Poison.
  6107 | D:8      | HP: 19/82 [yak (6)]
  6108 | D:8      | 6108 ||| READING scroll of teleportation.
  6108 | D:8      | HP: 8/82 [yak (3)]
  6110 | D:8      | Reached skill level 3 in Invocations
  6390 | D:8      | 6390 ||| INVOKING Heroism.
  6521 | D:8      | 6521 ||| INVOKING Spit Poison.
  6522 | D:8      | 6522 ||| INVOKING Heroism.
  6526 | D:8      | 6526 ||| INVOKING Spit Poison.
  6530 | D:8      | 6530 ||| INVOKING Spit Poison.
  6536 | D:8      | 6536 ||| INVOKING Spit Poison.
  6539 | D:8      | Reached skill level 10 in Ranged Weapons
  6539 | D:8      | Reached XP level 10. HP: 77/91 MP: 11/13
  6540 | D:8      | 6540 ||| INVOKING Heroism.
  6541 | D:8      | 6541 ||| INVOKING Spit Poison.
  6545 | D:8      | 6545 ||| INVOKING Spit Poison.
  6548 | D:8      | 6548 ||| INVOKING Heroism.
  6549 | D:8      | 6549 ||| INVOKING Spit Poison.
  6891 | D:8      | Reached ** piety under Okawaru
  7153 | D:8      | 7153 ||| INVOKING Spit Poison.
  7156 | D:8      | 7156 ||| INVOKING Spit Poison.
  7160 | D:8      | 7160 ||| INVOKING Spit Poison.
  7162 | D:8      | Reached skill level 11 in Ranged Weapons
  7347 | D:8      | 7347 ||| Stepping ~*~*~tactically~*~*~ (outnumbered).
  7349 | D:8      | 7349 ||| Stepping ~*~*~tactically~*~*~ (outnumbered).
  7350 | D:8      | 7350 ||| INVOKING Spit Poison.
  7355 | D:8      | 7355 ||| INVOKING Spit Poison.
  7482 | D:8      | 7482 ||| UPGRADING to amulet of regeneration.
  7487 | D:8      | 7487 ||| DRINKING 2 pink potions.
  7488 | D:8      | 7488 ||| READING 2 scrolls of identify.
  7488 | D:8      | 7488 ||| IDENTIFYING ruby potion
  7516 | D:9      | 7516 ||| INVOKING Spit Poison.
  7517 | D:9      | 7517 ||| INVOKING Heroism.
  7521 | D:9      | 7521 ||| INVOKING Spit Poison.
  7526 | D:9      | 7526 ||| INVOKING Spit Poison.
  7529 | D:9      | 7529 ||| INVOKING Spit Poison.
  7565 | D:9      | 7565 ||| INVOKING Spit Poison.
  7600 | D:9      | Found a broken altar of Ashenzari.
  7655 | D:9      | Noticed a manticore
  7656 | D:9      | 7656 ||| INVOKING Heroism.
  7657 | D:9      | Noticed a centaur warrior
  7657 | D:9      | Noticed a brown ugly thing
  7658 | D:9      | 7658 ||| Stepping ~*~*~tactically~*~*~ (outnumbered).
  7659 | D:9      | 7659 ||| INVOKING Spit Poison.
  7662 | D:9      | Killed a centaur warrior
  7663 | D:9      | Noticed a manticore
  7664 | D:9      | 7664 ||| INVOKING Spit Poison.
  7665 | D:9      | HP: 23/98 [manticore (5)]
  7666 | D:9      | 7666 ||| DRINKING potion of heal wounds.
  7668 | D:9      | 7668 ||| INVOKING Spit Poison.
  7669 | D:9      | Killed a brown ugly thing
  7669 | D:9      | Reached *** piety under Okawaru
  7669 | D:9      | HP: 5/98 [wraith (9)]
  7670 | D:9      | Slain by a manticore

Levels and vault maps discovered:
D:1:      mrwooster_arrival_statue_2, layout_basic, serial_shops, shop
D:2:      layout_rooms, serial_shops, nicolae_shop_real_fake_doors,
          chequers_ecumenical_altar_twisty, uniq_crazy_yiuf_cottage, uniq_robin
D:3:      layout_basic, kennysheep_orc_sif_temple, uniq_ijyb
D:4:      layout_basic, minmay_temple_entry_tees, kennysheep_big_empty_room,
          hangedman_decor_riveting, nicolae_stop_n_shop_1,
          hangedman_decor_growths, nicolae_kite_square_tiling_tiny,
          kennysheep_generic_room_10
D:5:      layout_basic, uniq_sigmund, uniq_edmund, uniq_menkaure
D:6:      layout_cave_pools, nicolae_overflow_squiral, serial_shops,
          nicolae_book_shop_shelving, minivault_4
D:7:      layout_loops_cross, mainiacjoe_overflow_chevrons, nrook_pool_corridor,
          serial_park_tiny_2, nicolae_concentric_dashed_squares_mild
D:8:      layout_basic
D:9:      layout_loops_ring, mainiacjoe_overflow_boulevard, minmay_radiant
Temple:   minmay_temple_bridge_d

Skill      XL: |  1  2  3  4  5  6  7  8  9 10 |
---------------+-------------------------------+-----
Ranged Weapons | 4 5 6 8 9 10 11 | 11.3
Fighting       | 3 4 5 6 8 |  8.8
Dodging        | 2 3 4 |  4.3
Armour         | 1 2 |  2.2
Invocations    | 4 |  4.1
Stealth        | |  1.5

Action                     |  1- 3 |  4- 6 |  7- 9 | 10-12 || total
---------------------------+-------+-------+-------+-------++-------
   Fire: Shortbow          |    54 |    69 |       |       ||   123
         Triple crossbow   |       |    38 |   118 |    80 ||   236
 Invoke: Heroism           |       |       |     3 |     4 ||     7
Ability: Spit Poison       |    24 |    48 |    42 |    16 ||   130
    Use: Scroll            |     2 |     2 |     5 |     1 ||    10
         Potion            |     2 |     1 |     3 |     2 ||     8
 Armour: Leather armour    |     6 |       |       |       ||     6
         Animal skin       |     3 |    28 |    14 |       ||    45
         Skin              |       |    17 |       |       ||    17
         Robe              |       |       |     9 |       ||     9
         Ring mail         |       |       |     9 |    30 ||    39
  Dodge: Dodged            |    16 |    40 |    52 |    63 ||   171

Table legend:
 A = Non-vault XP
 B = Vault XP
 C = Vault XP percentage of total XP
 D = Non-vault monster count
 E = Vault monster count
 F = Vault count percentage of total count
                 A         B        C        D         E       F
            +---------+---------+-------+---------+---------+-------
      Total |    6581 |    2146 |  24.6 |     151 |      21 |  12.2
            +---------+---------+-------+---------+---------+-------
        D:1 |      47 |      19 |  28.8 |      23 |       3 |  11.5
        D:2 |      52 |      16 |  23.5 |      21 |       8 |  27.6
        D:3 |      50 |      78 |  60.9 |      16 |       3 |  15.8
        D:4 |     312 |      42 |  11.9 |      10 |       2 |  16.7
        D:5 |     674 |     568 |  45.7 |      16 |       3 |  15.8
        D:6 |     541 |       0 |   0.0 |      17 |       0 |   0.0
        D:7 |     704 |       0 |   0.0 |      10 |       0 |   0.0
        D:8 |    3556 |       0 |   0.0 |      31 |       0 |   0.0
        D:9 |     645 |    1423 |  68.8 |       7 |       2 |  22.2
            +---------+---------+-------+---------+---------+-------
